 Dungeon Crawl Stone Soup version 0.31.0-11-ge490571c62 (webtiles) character file.

Game seed: 13625643057101391729

335 Arcadio the Ruffian (level 6, 0/62 HPs)
             Began as a Troll Delver on Jan 27, 2024.
             Slain by a sleepcap (4 damage)
             ... on level 5 of the Dungeon.
             The game lasted 00:01:24 (443 turns).

Arcadio the Ruffian (Troll Delver)                   Turns: 443, Time: 00:01:25

Health: 0/62       AC:  4    Str: 23    XL:     6   Next: 28%
Magic:  5/5        EV: 10    Int:  6    God:
Gold:   63         SH:  0    Dex: 11    Spells: 5/5 levels left

rFire   . .          .
                       - Unarmed
rCold   . . .        (no shield)
rNeg    . . .        a - +0 robe
rPois   .            (helmet restricted)
rElec   .            (no cloak)
rCorr   .            (gloves unavailable)
SInv    .            (boots unavailable)
Will    .....        (no amulet)
Stlth   ++           (no ring)
HPRegen 1.10/turn    (no ring)
MPRegen 0.09/turn

%: no passive effects
@: no status effects
A: large, unfitting armour, claws 3, regeneration 1, shaggy fur 1, tough skin 1
a: no special abilities


You were on level 5 of the Dungeon.
You visited 1 branch of the dungeon, and saw 2 of its levels.

You collected 63 gold pieces.

Inventory:

Armour
 a - a +0 robe (worn)
Wands
 f - a wand of digging (3)
Scrolls
 b - a scroll of fog
 c - 2 scrolls of revelation
 d - a scroll of fear
 h - a scroll of enchant weapon
 r - 3 scrolls of identify
Potions
 e - a potion of haste


   Skills:
 + Level 3.9 Fighting
 + Level 3.3 Dodging
 - Level 2.7 Stealth
 + Level 4.1 Unarmed Combat


You had 5 spell levels left.
You didn't know any spells.
Your spell library contained the following spells:

 Spells                   Type           Power      Damage    Failure   Level
 Volatile Blastmotes      Fire/Tloc      0%         2d10      83%         3
 Fulminant Prism          Conj/Alch      0%         3d5       99%         4
 Iskenderun's Mystic Bla  Conj/Tloc      0%         2d3       99%         4
 Summon Blazeheart Golem  Fire/Summ      0%         N/A       99%         4
 Orb of Destruction       Conj           0%         9d5       100%        7
 Spellforged Servitor     Conj/Summ      0%         N/A       100%        7


Dungeon Overview and Level Annotations

Branches:
Dungeon (6/15)
 Temple: D:4-7

Altars:


Innate Abilities, Weirdness & Mutations

You are too large for most types of armour.
You have claws for hands.
Your natural rate of healing is unusually fast.
You are covered in fur. (AC +1)
You have tough skin. (AC +1)


Message History

The hound bites you but does no damage. The hound completely misses you.
You climb upwards.
There is a stone staircase leading down here.
You claw the hound!
The hound is heavily wounded.
The hound bites you.
You claw the hound!
You kill the hound!
You see here a hound corpse.
You start resting.
HP restored.
There is a stone staircase leading down here.
You climb downwards.
The sleepcap releases spores at you.
You are engulfed in a cloud of soporific spores!
You fall asleep.
The orc warrior unwields a +0 arbalest.
The orc warrior wields a +0 trident.
The orc warrior hits you with a +0 trident!!
You wake up.
Ouch! That really hurt!
There is a stone staircase leading up, spattered with blood here.
The sleepcap releases spores at you.
The orc warrior hits you with a +0 trident.
You climb upwards.
There is a stone staircase leading down here.
You scratch the orc warrior.
The orc warrior is lightly wounded.
The sleepcap barely misses you.
The orc warrior hits you with a +0 trident.
You scratch the orc warrior.
The orc warrior is lightly wounded.
The sleepcap releases spores at you!
You are engulfed in a cloud of soporific spores!
You fall asleep.
The orc warrior hits you with a +0 trident!
You wake up.
* * * LOW HITPOINT WARNING * * *
You scratch the orc warrior but do no damage.
The orc warrior is lightly wounded.
The sleepcap releases spores at you.
You die...

######### ........#
#######.# ### #.......# #..
#.####### #.# #.# #.#
#.########## #.#
#..........###.###
...............f@#
#..........###.#o#
#..........# #.#.#
#..........# #.#.#
#.########## #.#.# #.####
#.#.#######.#
.....#########.#.........#
...............#.#.#######
.....###########.#.......###


You could see an orc warrior and a sleepcap.

Vanquished Creatures
  2 howler monkeys
  3 bombardier beetles (D:5)
  A hound (D:5)
  2 iguanas (D:5)
  2 orc wizards
  An adder (D:6)
  A shadow imp (D:6)
  A white imp (D:6)
  5 orcs (D:5)
18 creatures vanquished.

Notes
Turn   | Place    | Note
-------+----------+-------------------------------------------
     0 | D:5      | Arcadio the Troll Delver began the quest for the Orb.
     0 | D:5      | Reached XP level 1. HP: 22/22 MP: 0/0
    47 | D:5      | Noticed a howler monkey
    47 | D:5      | Noticed a bombardier beetle
    56 | D:5      | Killed a bombardier beetle
    57 | D:5      | Reached XP level 2. HP: 29/29 MP: 1/1
    57 | D:5      | Reached XP level 3. HP: 36/36 MP: 2/2
    77 | D:5      | Reached XP level 4. HP: 45/45 MP: 3/3
    82 | D:5      | Reached skill level 3 in Unarmed Combat
   153 | D:5      | Reached XP level 5. HP: 41/53 MP: 4/4
   282 | D:6      | Noticed an orc warrior
   393 | D:6      | Reached skill level 4 in Unarmed Combat
   393 | D:6      | Reached XP level 6. HP: 62/62 MP: 5/5
   442 | D:5      | HP: 3/62 [orc warrior/+0 trident (13)]
   443 | D:5      | Slain by a sleepcap

Illustrated notes

Levels and vault maps discovered:
D:5:      layout_basic, lemuel_crystal_altar, nicolae_nh_oracle_at_delphi
D:6:      layout_loops_cross, kennysheep_mini_moat, st_stairs_3,
          nicolae_figureground_pulse

Skill      XL: |  1  2  3  4  5 |
---------------+----------------+-----
Dodging        | 2 3 |  3.3
Fighting       | 3 |  3.9
Unarmed Combat | 3 4 |  4.1
Stealth        | |  2.7

Action                     |  1- 3 |  4- 6 || total
---------------------------+-------+-------++-------
  Melee: Unarmed           |    13 |    45 ||    58
    Use: Scroll            |       |     1 ||     1
   Stab: Sleeping          |     1 |       ||     1
 Armour: Robe              |     5 |    35 ||    40
  Dodge: Dodged            |     6 |    14 ||    20
